 Dungeon Crawl Stone Soup version 0.28-a0-1087-gf3fc490d9d (webtiles) character file.

Game seed: 1645639922503484865

852 Armakuni the Conjurer (level 7, -3/50 HPs)
             Began as a Demigod Conjurer on Dec 10, 2021.
             Slain by a gnoll sergeant (14 damage)
             ... on level 5 of the Dungeon.
             The game lasted 00:14:17 (6162 turns).

Armakuni the Conjurer (Demigod Conjurer)            Turns: 6162, Time: 00:14:17

Health: -3/50      AC:  6    Str: 16    XL:     7   Next: 41%
Magic:  10/16      EV: 12    Int: 20    God:
Gold:   121        SH:  0    Dex: 12    Spells: 4/14 levels left

rFire   + . .      SeeInvis .   a - +0 dagger (venom)
rCold   + + .      Faith    .   (no shield)
rNeg    . . .      Spirit   .   c - +0 robe
rPois   .          Reflect  .   (no helmet)
rElec   .          Harm     .   h - scarf {rC+ rF+}
rCorr   .          Rampage  .   (no gloves)
Will    .....                   (no boots)
Stlth   ++........              (no amulet)
HPRegen 0.16/turn               P - +4 ring of protection
MPRegen 0.15/turn               J - ring of protection from cold

@: no status effects
A: high mp 1, forlorn, divine attributes
a: no special abilities


You were on level 5 of the Dungeon.
You visited 1 branch of the dungeon, and saw 5 of its levels.

You collected 157 gold pieces.
You spent 36 gold pieces at shops.

Inventory:

Hand Weapons
 a - a +0 dagger of venom (weapon)
 k - a +4 hand axe
Missiles
 g - a throwing net
Armour
 c - a +0 robe (worn)
 f - a +0 leather armour
 h - a scarf of resistance (worn)
 m - a +2 ring mail of willpower
Jewellery
 G - an amulet of guardian spirit
 J - a ring of protection from cold (right hand)
 P - a +4 ring of protection (left hand)
Wands
 n - a wand of acid (6)
Scrolls
 d - 2 scrolls of teleportation
 j - a scroll of enchant armour
 o - a scroll of amnesia
Potions
 b - a potion of flight
 l - 2 potions of attraction {unknown}
 p - a potion of resistance {unknown}


   Skills:
 - Level 0.1 Fighting
 - Level 0.3 Short Blades
 - Level 1.7 Dodging
 - Level 1.7 Stealth
 + Level 4.3 Spellcasting
 - Level 6.2 Conjurations
 - Level 4.0 Fire Magic


You had 4 spell levels left.
You knew the following spells:

 Your Spells              Type           Power      Damage    Failure   Level
m - Iskenderun's Mystic   Conj/Tloc      16%        2d5       34%         4
s - Sticky Flame          Conj/Fire      24%        2d5       16%         4
z - Searing Ray           Conj           58%        2d6       1%          2

Your spell library contained the following spells:

 Spells                   Type           Power      Damage    Failure   Level
 Magic Dart               Conj           100%       1d8       1%          1
 Static Discharge         Conj/Air       16%        N/A       5%          2
 Dazzling Flash           Conj/Hex       32%        N/A       11%         3
 Fulminant Prism          Conj/Hex       8%         3d7       34%         4
 Dispel Undead            Necr           4%         3d7       77%         4


Dungeon Overview and Level Annotations

Branches:
Dungeon (5/15)
 Temple: D:4-7

Shops:
D:1 *


Innate Abilities, Weirdness & Mutations

You have an increased reservoir of magic. (+10% MP)
You shall have no god before yourself.
Your divine heritage dramatically boosts your attributes as you level up.


Message History

* * * LOW HITPOINT WARNING * * *
Press: ? - help, v - describe, . - travel, g - get item
Here: a gnoll sergeant, wielding a +6 spear of freezing and wearing a +0 scale mail (moderately wounded)
Items here: ))) [ †††.
The floor.
There is a stone staircase leading up here.
You climb upwards.
There is a stone staircase leading down here.
You start resting.
Magic restored.
You start resting.
HP restored.
There is a stone staircase leading down here.
You climb downwards.
The orc barely misses you.
The gnoll sergeant hits you from afar with a +6 spear of freezing!
The gnoll sergeant freezes you.
There is a stone staircase leading up, spattered with blood here.
The gnoll sergeant hits you with a +6 spear of freezing!
The gnoll sergeant freezes you.
Casting: Searing Ray (safe; 1% risk of failure)
Confirm with . or Enter, or press ? or * to list all spells.
The spell is quite dangerous to miscast (16% risk of failure)!
Continue anyway?
Aiming: Sticky Flame (quite dangerous; 16% risk of failure)
Press: ? - help, Shift-Dir - straight line, f - gnoll sergeant
Aim: a gnoll sergeant, wielding a +6 spear of freezing and wearing a +0 scale mail (100% to hit)
The sticky flame hits the gnoll sergeant.
The gnoll sergeant is moderately wounded.
The gnoll sergeant is covered in liquid flames!
The gnoll sergeant burns!
The orc hits you with a +0 hand axe.
The gnoll sergeant hits you with a +6 spear of freezing!
* * * LOW HITPOINT WARNING * * *
Aiming: Searing Ray (safe; 1% risk of failure)
Press: ? - help, Q - select action, (/) - cycle Shift-Dir - straight line, f/p - gnoll sergeant
Aim: a gnoll sergeant, wielding a +6 spear of freezing and wearing a +0 scale mail (moderately wounded, covered in liquid flames, 89% to hit)
The searing ray hits the gnoll sergeant.
The gnoll sergeant is heavily wounded. (Press . to maintain the ray.)
The gnoll sergeant burns!
The orc barely misses you.
The gnoll sergeant hits you with a +6 spear of freezing!
You die...

##................#
#.................#
#.................#
##..................
#...................
#...................
#.........)........#
#.................##
##o@g............###
#...............# #
#..............####
##............## #.
#...........## ##.
##........### ##).
##..>...## ###...
#.....## #.....
####### #......


You could see a gnoll sergeant (burning) and an orc.

Vanquished Creatures
  A sky beast (D:3)
  A black bear (D:4)
  A centaur (D:5)
  A bullfrog (D:4)
  A howler monkey (D:4)
  2 orc priests
  Terence (D:3)
  2 hounds (D:4)
  An iguana (D:5)
  A hound skeleton (D:4)
  14 gnolls
  8 adders
  An adder skeleton (D:4)
  2 worms (D:2)
  A dart slug (D:1)
  10 orcs
  6 bats
  7 endoplasms
  5 giant cockroaches
  10 goblins
  8 hobgoblins
  3 quokkas (D:1)
  6 ball pythons
  6 frilled lizards
  9 kobolds
  5 rats
113 creatures vanquished.

Notes
Turn   | Place    | Note
-------+----------+-------------------------------------------
     0 | D:1      | Armakuni the Demigod Conjurer began the quest for the Orb.
     0 | D:1      | Reached XP level 1. HP: 14/14 MP: 5/5
   211 | D:1      | Found Unysaege's General Store.
   219 | D:1      | Bought a scroll of teleportation for 36 gold pieces
   288 | D:1      | Reached skill level 4 in Conjurations
   362 | D:1      | Reached XP level 2. HP: 10/20 MP: 2/7
   365 | D:1      | Learned a level 2 spell: Searing Ray
  1448 | D:2      | Reached XP level 3. HP: 26/26 MP: 4/8
  2056 | D:2      | Reached skill level 5 in Conjurations
  2439 | D:2      | Reached XP level 4. HP: 33/33 MP: 6/9
  2807 | D:3      | Noticed a sky beast
  2927 | D:3      | Killed a sky beast
  2928 | D:3      | Reached skill level 6 in Conjurations
  2928 | D:3      | Reached XP level 5. HP: 22/38 MP: 4/10
  3186 | D:3      | Learned a level 4 spell: Sticky Flame
  3280 | D:3      | Reached skill level 1 in Fire Magic
  3790 | D:3      | Noticed Terence
  3797 | D:3      | Killed Terence
  3798 | D:3      | Reached XP level 6. HP: 41/45 MP: 6/11
  4633 | D:4      | Reached XP level 7. HP: 50/50 MP: 2/14
  4704 | D:4      | Learned a level 4 spell: Iskenderun's Mystic Blast
  5569 | D:5      | Entered Level 5 of the Dungeon
  6162 | D:5      | Slain by a gnoll sergeant

Illustrated notes

Levels and vault maps discovered:
D:1:      minmay_arrival_arboretum_small, layout_loops_corners, serial_shops,
          nicolae_shop_temple_entry_statues_fountains, serial_aquarium,
          aquarium_bridge_straight [aquarium_subvault_bridge,
          aquarium_subvault_window, aquarium_subvault_bridge,
          aquarium_subvault_wall], aquarium_bridge_straight
          [aquarium_subvault_bridge, aquarium_subvault_balcony,
          aquarium_subvault_bridge, aquarium_subvault_wall], aquarium_window_1,
          aquarium_window_2, aquarium_window_corner, aquarium_view_2d,
          aquarium_view_2d, aquarium_pool_2
D:2:      layout_loops_corners
D:3:      layout_basic, xom_teletrap_fun, nicolae_ecumenical_pavilion,
          uniq_terence
D:4:      layout_cave_pools, serial_co_window_serial,
          co_window_of_opportunity_a, co_window_of_opportunity_a,
          co_window_corner_a, co_window_corner_a, co_window_corner_a,
          co_window_of_opportunity_b, co_window_paths_c, co_window_broadway_b,
          co_window_sun, co_window_paths_d, glass_columns_a, glass_columns_b,
          glass_columns_c, glass_columns_a, st_stairs_2,
          ebering_dispersal_statue_hall
D:5:      layout_cave_pods, nicolae_concentric_dashed_squares_wild,
          solitary_fountain, minmay_statues_item, st_stairs_1,
          cheibrodos_gnoll_hut

Skill      XL: |  1  2  3  4  5  6  7 |
---------------+----------------------+-----
Conjurations   | 4 5 6 |  6.2
Fire Magic     | 2 4 |  4.0
Spellcasting   | 2 4 |  4.3
Fighting       | |  0.1
Short Blades   | |  0.3
Dodging        | |  1.7
Stealth        | |  1.7

Action                   |  1- 3 |  4- 6 |  7- 9 || total
-------------------------+-------+-------+-------++-------
Melee: Dagger            |    29 |    51 |    10 ||    90
       Short sword       |     2 |       |       ||     2
 Cast: Magic Dart        |    13 |       |       ||    13
       Searing Ray       |    23 |    27 |    14 ||    64
       Sticky Flame      |       |     1 |     1 ||     2
Evoke: Wand              |       |       |     1 ||     1
  Use: Scroll            |     1 |     5 |     2 ||     8
       Potion            |       |     1 |       ||     1
 Stab: Sleeping          |     2 |     1 |     1 ||     4
Armor: Robe              |     9 |    31 |    15 ||    55
Dodge: Dodged            |    29 |    56 |    22 ||   107

Table legend: (Time is in decaauts)
 A = Elapsed time spent in this place.
 B = Non-inter-level travel time spent in this place.
 C = Inter-level travel time spent in this place.
 D = Time resting spent in this place.
 E = Time spent auto-exploring this place.
 F = Levels seen in this place.
 G = Mean time per level.
                   A        B        C        D        E       F      G
               +--------+--------+--------+--------+--------+-----+--------+
         Total |   6161 |   5998 |    163 |   1094 |   3699 |   5 | 1232.2 |
       Dungeon |   6161 |   5998 |    163 |   1094 |   3699 |   5 | 1232.2 |
               +--------+--------+--------+--------+--------+-----+--------+

Top non-repeatable levels by time:
     D:3: 1656 daAuts
     D:4: 1582 daAuts
     D:1: 1403 daAuts
     D:2: 1128 daAuts
     D:5: 390 daAuts
